 Dungeon Crawl Stone Soup version 0.27.1-2-g3b301248ec (webtiles) character file.

Game seed: 12088216991463678539

23524 MajorAdolf the Destroyer (level 13, -15/111 HPs)
             Began as a Naga Wanderer on Oct 2, 2021.
             Was an Initiate of Gozag.
             Killed from afar by Frances (30 damage)
             ... with an iron shot
             ... on level 12 of the Dungeon on Oct 3, 2021.
             The game lasted 01:15:56 (30739 turns).

MajorAdolf the Destroyer (Naga Wanderer)           Turns: 30739, Time: 01:15:57

Health: -15/111    AC: 16    Str:  9    XL:     13   Next: 7%
Magic:  20/29      EV:  8    Int: 22    God:    Gozag
Gold:   827        SH: 10    Dex: 16    Spells: 18/22 levels left

rFire    + . .     SeeInvis +   B - +10 hand axe "Miasalau" {vorpal, Stlth+}
rCold    . . .     Faith    .   m - +0 kite shield
rNeg     + . .     Spirit   .   y - +1 leather armour of Yfiss {+Inv rCorr Int+5 Slay+2}
rPois    +         Reflect  .   U - +2 helmet {SInv}
rElec    .         Harm     .   a - +2 ratskin cloak {*Rats rPois rN+ Str-1 Int-1 Dex+1}
rCorr    +         Rampage  .   H - +2 pair of gloves
Will     +....                  (no barding)
Stlth    ++++......             C - amulet of magic regeneration
HPRegen  0.28/turn              n - ring of magical power
MPRegen  0.46/turn              O - ring of protection from fire

@: very slow
A: AC +4, large, see invisible, deformed body, poison resistance, slowness 2,
spit poison 1, naga tail 2
a: Spit Poison, Renounce Religion, Evoke Invisibility, Potion Petition, Call
Merchant, Bribe Branch


You were on level 12 of the Dungeon.
You worshipped Gozag.
Gozag was pleased with you.
You visited 2 branches of the dungeon, and saw 14 of its levels.
You also visited: Sewer and Bailey.

You collected 2707 gold pieces.
You spent 1211 gold pieces at shops.
You paid 669 gold pieces to Gozag.

Inventory:

Hand Weapons
 B - the +10 hand axe "Miasalau" (weapon) {vorpal, Stlth+}
   (You found it on level 13 of the Dungeon)

   It inflicts extra damage upon your enemies.
   Stlth:     It makes you more stealthy.
 L - a +2 whip of holy wrath
Missiles
 i - 24 boomerangs (quivered)
 u - 2 throwing nets
Armour
 a - the +2 ratskin cloak (worn) {*Rats rPois rN+ Str-1 Int-1 Dex+1}
   (You bought it in a shop on level 12 of the Dungeon)

   When the wearer is hurt, rats may emerge from it to assist them.
   Str:       It affects your strength (-1).
   Int:       It affects your intelligence (-1).
   Dex:       It affects your dexterity (+1).
   rPois:     It protects you from poison.
   rN:        It protects you from negative energy.
 m - a +0 kite shield (worn)
 y - the +1 leather armour of Yfiss (worn) {+Inv rCorr Int+5 Slay+2}
   (You took it off a gnoll on level 5 of the Dungeon)

   Int:       It affects your intelligence (+5).
   Slay:      It affects your accuracy & damage with ranged weapons and melee
   (+2).
   +Inv:      It lets you turn invisible.
   rCorr:     It protects you from acid and corrosion.
 H - a +2 pair of gloves (worn)
 U - a +2 helmet of see invisible (worn)
 V - a +1 cloak of preservation
Jewellery
 k - a ring of fire
 n - a ring of magical power (left hand)
 C - an amulet of magic regeneration (around neck)
 O - a ring of protection from fire (right hand)
Wands
 F - a wand of iceblast (6)
 J - a wand of paralysis (9)
 M - a wand of mindburst (22)
 N - a wand of acid (2)
 S - a wand of charming (14)
Scrolls
 b - 2 scrolls of teleportation
 d - 2 scrolls of vulnerability
 f - 4 scrolls of blinking
 g - 5 scrolls of amnesia
 p - 3 scrolls of silence
 r - 4 scrolls of fog
 t - 2 scrolls of acquirement
 w - 6 scrolls of magic mapping
 x - 3 scrolls of enchant armour
 A - a scroll of brand weapon {unknown}
 D - a scroll of torment {unknown}
 I - 2 scrolls of enchant weapon {unknown}
 T - a scroll of immolation {unknown}
Potions
 c - 2 potions of invisibility
 e - 4 potions of haste {unknown}
 h - 8 potions of brilliance
 l - a potion of heal wounds
 o - 3 potions of flight {unknown}
 q - a potion of resistance
 s - 5 potions of magic {unknown}
 v - 4 potions of curing {unknown}
 z - a potion of ambrosia {unknown}
 K - 3 potions of lignification {unknown}
 Q - a potion of might {unknown}
 R - 4 potions of degeneration {unknown}


   Skills:
 - Level 5.7 Fighting
 - Level 1.0(1.6) Axes
 - Level 2.0(2.1) Maces & Flails
 - Level 1.5 Armour
 - Level 7.4 Stealth
 - Level 9.0 Shields
 - Level 5.0 Spellcasting
 + Level 11.7 Conjurations
 + Level 11.7 Hexes
 - Level 1.0 Evocations


You had 18 spell levels left.
You knew the following spells:

 Your Spells              Type           Power      Damage    Failure   Level
a - Fulminant Prism       Conj/Hex       27%        3d14      1%          4

Your spell library contained the following spells:

 Spells                   Type           Power      Damage    Failure   Level
 Magic Dart               Conj           100%       1d8       1%          1
 Searing Ray              Conj           100%       3d7       1%          2
 Slow                     Hex            54%        N/A       1%          2
 Confusing Touch          Hex            54%        N/A       1%          3
 Leda's Liquefaction      Hex/Erth       15%        N/A       12%         4
 Beastly Appendage        Tmut           10%        N/A       14%         1
 Sublimation of Blood     Necr           2%         N/A       21%         2
 Wereblood                Tmut           5%         N/A       21%         2
 Spider Form              Tmut/Pois      2%         N/A       38%         3
 Vampiric Draining        Necr           2%         2d6       38%         3
 Bolt of Magma            Conj/Fire/Erth 11%        4d7       58%         5
 Statue Form              Tmut/Erth      3%         N/A       100%        6
 Summon Hydra             Summ           2%         N/A       100%        7


Dungeon Overview and Level Annotations

Branches:
Dungeon (13/15)            Temple (1/1) D:6            Lair (0/6) D:11
    Orc (0/2) D:9           Sewer (visited)          Bailey (visited)
 Vaults: D:13-14

Altars:
Ashenzari
Cheibriados
Dithmenos
Elyvilon
Fedhas
Gozag
Hepliaklqana
Kikubaaqudgha
Makhleb
Nemelex Xobeh
Okawaru
Qazlal
Ru
Sif Muna
Trog
Uskayaw
Vehumet
Wu Jian
Xom
Yredelemnul
Zin
The Shining One

Shops:
D:4 :   D:7 *   D:10 [   D:12 [

Annotations:
D:2 exclusion: downstairs
D:6 1 runed translucent door, Crazy Yiuf
D:7 Dowan, Harold
D:9 1 runed translucent door, Gastronok; malygoose's ghost, novice DDFi
D:10 exclusion: 2 downstairs
D:12 Frances


Innate Abilities, Weirdness & Mutations

Your serpentine skin is tough. (AC +4)
You have supernaturally acute eyesight. (SInv)
Armour fits poorly on your strangely shaped body.
Your system is resistant to poisons. (rPois)
You cover ground very slowly.
You can spit poison.
You can use your snake-like lower body to constrict enemies.


Message History

The acid corrodes Frances!
Frances is heavily wounded.
Frances screams a word of power!
Frances seems to speed up.
Your fulminant prism crackles loudly.
Casting: Fulminant Prism (mildly dangerous; 1% risk of failure)
Confirm with . or Enter, or press ? or * to list all spells.
You don't know that spell.
Aiming: Corrosive Bolt
Press: ? - help, Shift-Dir - straight line, f/p - Frances
Aim: Frances, wielding a +0 short sword and wearing a +0 scale mail of poison resistance (heavily wounded, fast, covered in acid, ally target, 75% to hit)
The bolt of acid hits Frances!
Frances is splashed with acid.
Frances seems to be corroded for longer.
Frances is severely wounded.
Frances hits you but does no damage. You block Frances's attack.
Your fulminant prism explodes!
The blast of energy engulfs Frances!!
Frances is severely wounded.
Unknown command.
Casting: Fulminant Prism (mildly dangerous; 1% risk of failure)
Confirm with . or Enter, or press ? or * to list all spells.
Aiming: Fulminant Prism (mildly dangerous; 1% risk of failure)
Press: ? - help, Dir - move target, p - Frances You conjure a prism of explosive energy!
A fulminant prism comes into view.
Frances whispers indecipherable words.
Unknown command.
Aiming: Corrosive Bolt
Press: ? - help, Shift-Dir - straight line, f - Frances
Aim: Frances, wielding a +0 short sword and wearing a +0 scale mail of poison resistance (severely wounded, fast, covered in acid, ally target, 75% to hit)
The bolt of acid hits Frances!
Frances is splashed with acid.
Frances seems to be corroded for longer.
Frances is almost dead.
Frances chants phrases taken from a devil's mouth.
The shard of ice hits you!!
* * * LOW HITPOINT WARNING * * *
Frances screams a word of power!
The iron shot hits you!!
You die...
Your body crumbles into a pile of gold.

#.## #.## #..### #.#
##...# ###'## ###.#
###.....
#######'#####.'.....
#..*.....##...#.....
#........#..###.....
#.@......'.## #<....
#4.@.....### #.....
#.[......# #.....
#####'#### ######
###...# # #...### #
#.### # #.# #
####'####### #
#..........# #


You could see Frances (fast, corroded, ally target), a chaos spawn (summoned)
and a friendly fulminant prism.

Vanquished Creatures
  An orc warlord (Bailey)
  A hydra (D:13)
  A boulder beetle (D:12)
  A centaur warrior (D:13)
  4 two-headed ogres
  3 death yaks
  3 orc knights (Bailey)
  2 cyclopes (D:13)
  3 manticores
  4 unseen horrors
  4 kobold demonologists
  2 trolls
  A hornet (D:9)
  Prince Ribbit (D:9)
  7 slime creatures
  2 shadows
  A water elemental (D:12)
  8 vampire mosquitoes
  Menkaure (D:7)
  2 water moccasins
  25 orc warriors
  An ice beast (D:4)
  A black bear (D:6)
  A sky beast (D:5)
  A necrophage (D:7)
  10 centaurs
  2 ogres
  A phantom (D:5)
  3 kobold brigands
  2 gnoll sergeants
  2 bullfrogs
  9 killer bees (D:9)
  5 wights (D:9)
  2 electric eels (D:9)
  3 centaur zombies
  3 howler monkeys
  A bullfrog zombie (D:5)
  2 hounds
  3 jellies
  15 orc priests
  A bullfrog skeleton (D:5)
  A gnoll shaman (D:7)
  A hell rat (D:11)
  2 iguanas
  Natasha (thrice) (D:2)
  6 orc wizards
  A scorpion zombie (D:5)
  A killer bee zombie (D:8)
  A hound skeleton (D:4)
  26 gnolls
  A howler monkey skeleton (D:4)
  10 adders
  6 river rats
  A shadow imp (D:6)
  2 white imps
  An ufetubus (D:4)
  3 worms
  A dart slug (D:5)
  56 orcs
  4 bats
  8 endoplasms
  5 giant cockroaches
  22 goblins
  18 hobgoblins
  2 jackals (D:2)
  6 quokkas
  5 ball pythons
  10 frilled lizards
  14 kobolds
  15 rats
377 creatures vanquished.

Vanquished Creatures (others)
  A human (D:13)
  6 bushes (D:9)
  A butterfly (D:9)
  278 fulminant prisms
  3 toadstools (D:2)
289 creatures vanquished.

Grand Total: 666 creatures vanquished

Notes
Turn   | Place    | Note
-------+----------+-------------------------------------------
     0 | D:1      | MajorAdolf the Naga Wanderer began the quest for the Orb.
     0 | D:1      | MajorAdolf set off with the following items: a +2 mace, a
                  | scroll of teleportation, a +0 ring mail
     0 | D:1      | Reached XP level 1. HP: 21/21 MP: 1/1
   103 | D:1      | Reached skill level 1 in Stealth
   241 | D:1      | Reached XP level 2. HP: 28/28 MP: 2/2
   855 | D:1      | You fall into a shaft and drop 1 floor!
   864 | D:2      | Reached XP level 3. HP: 34/34 MP: 3/3
  1662 | D:2      | Noticed Natasha
  1669 | D:2      | Killed Natasha
  1670 | D:2      | Reached XP level 4. HP: 44/44 MP: 4/4
  2069 | D:2      | Noticed Natasha
  2084 | D:2      | Killed Natasha
  2304 | D:2      | Noticed Natasha
  2312 | D:2      | Killed Natasha
  2313 | D:2      | Reached skill level 5 in Stealth
  2313 | D:2      | Reached XP level 5. HP: 34/51 MP: 5/5
  2492 | D:2      | HP: 2/51 [orc wizard/puff of flame (8)]
  3483 | D:3      | Found a basalt altar of Yredelemnul.
  3510 | D:3      | Found a bloodstained altar of Trog.
  3901 | D:3      | Reached XP level 6. HP: 17/60 MP: 6/6
  4735 | D:4      | Found a glowing drain.
  4746 | Sewer    | Entered a sewer
  6398 | D:3      | Reached XP level 7. HP: 21/66 MP: 7/7
  7443 | D:4      | Found Tuuteq's Book Boutique.
  7585 | D:5      | Entered Level 5 of the Dungeon
  7782 | D:5      | Identified the +1 leather armour of Yfiss {+Inv rCorr Int+5
                  | Slay+2}
  7923 | D:4      | Reached skill level 5 in Shields
  9182 | D:5      | Reached XP level 8. HP: 73/73 MP: 8/8
  9607 | D:5      | Found a shadowy altar of Dithmenos.
  9946 | D:6      | Found a staircase to the Ecumenical Temple.
  9956 | Temple   | Entered the Ecumenical Temple
 10995 | D:6      | Found a runed translucent door.
 10996 | D:6      | Noticed Crazy Yiuf
 11454 | D:7      | Found an ornate altar of the Wu Jian Council.
 11454 | D:7      | Found a burning altar of Makhleb.
 11952 | D:7      | Reached XP level 9. HP: 80/80 MP: 9/9
 12188 | D:7      | Noticed Harold
 12447 | D:7      | Noticed Menkaure
 12456 | D:7      | Killed Menkaure
 12637 | D:7      | Noticed Dowan
 12664 | D:7      | Found Gozag's Platinum Reserve.
 12664 | D:7      | Found an opulent altar of Gozag.
 14564 | D:7      | Reached skill level 5 in Fighting
 14578 | D:7      | Became a worshipper of Gozag Ym Sagoz the Greedy
 16188 | D:4      | Bought a book of Conjurations for 200 gold pieces
 16425 | D:10     | Entered Level 10 of the Dungeon
 16434 | D:9      | Noticed a hornet
 16858 | D:9      | Reached skill level 1 in Conjurations
 16880 | D:9      | Learned a level 4 spell: Fulminant Prism
 17111 | D:9      | Reached skill level 1 in Spellcasting
 17111 | D:9      | Reached skill level 1 in Hexes
 17731 | D:9      | Noticed Gastronok
 18188 | D:9      | Paralysed by a hornet for 1 turns
 18194 | D:9      | Killed a hornet
 18403 | D:9      | Reached XP level 10. HP: 91/91 MP: 13/13
 19097 | D:9      | Found a runed translucent door.
 19099 | D:9      | Noticed malygoose's ghost (novice DDFi)
 19677 | D:9      | Noticed Prince Ribbit
 19689 | D:9      | Killed Prince Ribbit
 19969 | D:9      | Found a staircase to the Orcish Mines.
 20236 | D:9      | Found a white marble altar of Elyvilon.
 21111 | D:10     | Found a hazy altar of Hepliaklqana.
 21111 | D:10     | Identified the +0 pair of gloves "Ublusoc" {rC++ Dex-2}
 21383 | D:10     | Noticed a two-headed ogre
 21395 | D:10     | Killed a two-headed ogre
 21396 | D:10     | Reached skill level 5 in Conjurations
 21396 | D:10     | Reached skill level 5 in Hexes
 21458 | D:10     | Reached skill level 5 in Spellcasting
 21554 | D:10     | Noticed an unseen horror
 21561 | D:10     | Killed an unseen horror
 21562 | D:10     | Reached XP level 11. HP: 79/97 MP: 18/18
 22355 | D:11     | Noticed a death yak
 22355 | D:11     | Noticed a death yak
 22355 | D:11     | Found a staircase to the Lair.
 22358 | D:11     | Noticed a death yak
 22790 | D:10     | Killed a death yak
 23209 | D:10     | Bought a runed helmet for 172 gold pieces
 23209 | D:10     | Bought an embroidered cloak for 172 gold pieces
 23390 | D:11     | Noticed a soul eater
 23587 | D:10     | Killed a death yak
 23824 | D:11     | Killed a death yak
 25149 | D:12     | Noticed a two-headed ogre
 25156 | D:12     | Noticed a four-headed hydra
 25528 | D:13     | Noticed a manticore
 25539 | D:13     | Killed a manticore
 25565 | D:13     | Noticed a five-headed hydra
 25599 | D:13     | Found a flagged portal.
 25599 | D:13     | Noticed a manticore
 25604 | D:13     | Killed a manticore
 25605 | D:13     | Reached XP level 12. HP: 57/104 MP: 19/19
 25618 | Bailey   | Entered a bailey
 27235 | Bailey   | Reached skill level 10 in Conjurations
 27244 | Bailey   | Reached skill level 10 in Hexes
 27457 | Bailey   | Noticed an orc warlord
 27490 | Bailey   | Killed an orc warlord
 28120 | D:13     | Killed a five-headed hydra
 28347 | D:13     | Identified the +10 hand axe "Miasalau" {vorpal, Stlth+}
 28349 | D:13     | Identified the +4 hand axe of Glory {distort, Str+3}
 28372 | D:13     | Noticed a centaur warrior
 28393 | D:13     | Killed a centaur warrior
 28767 | D:13     | Noticed a two-headed ogre
 28776 | D:13     | Killed a two-headed ogre
 28846 | D:13     | Found a basalt altar of Yredelemnul.
 29008 | D:13     | Noticed Frances
 29017 | D:13     | Noticed Rupert
 30035 | D:12     | Found Naup's Antique Armour Boutique.
 30036 | D:12     | Noticed a two-headed ogre
 30044 | D:12     | Killed a two-headed ogre
 30164 | D:12     | Bought the +2 ratskin cloak {*Rats rPois rN+ Str-1 Int-1
                  | Dex+1} for 667 gold pieces
 30164 | D:12     | Found the +2 ratskin cloak {*Rats rPois rN+ Str-1 Int-1
                  | Dex+1}
 30219 | D:12     | Noticed a two-headed ogre
 30231 | D:12     | Killed a two-headed ogre
 30232 | D:12     | Gained mutation: You can use your snake-like lower body to
                  | constrict enemies. [Naga growth]
 30232 | D:12     | Reached XP level 13. HP: 83/111 MP: 18/20
 30739 | D:12     | Killed from afar by Frances

Illustrated notes

Levels and vault maps discovered:
D:1:      minmay_arrival_five_plusses, layout_basic
D:2:      layout_loops_cross, minmay_gold_behind_fungi, uniq_natasha
D:3:      layout_loops_cross, lemuel_doored_altar, mainiacjoe_overflow_boulevard
D:4:      layout_basic, cheibrodos_sewer_entry_bend, serial_shops,
          nicolae_shop_waterfront
D:5:      layout_loops_cross, kennysheep_mini
D:6:      layout_basic, minmay_temple_entry_grid, uniq_crazy_yiuf_cottage
D:7:      layout_basic, nicolae_gozag_zags_fifth_avenue,
          chequers_temple_overflow_statue_of_worship, uniq_menkaure,
          uniq_harold, uniq_duvessa
D:8:      layout_loops_cross, minivault_23
D:9:      layout_roguey, nicolae_elyvilon_peaceful_grove, erik_orc_2,
          ebering_ghost_reflecting_pool, kennysheep_generic_room_10,
          uniq_gastronok, uniq_prince_ribbit1
D:10:     layout_roguey, mainiacjoe_overflow_small_starburst,
          roderic_roman_lattice
D:11:     layout_loops_cross, dpeg_lair_monsters
D:12:     layout_roguey, serial_shops, shop_coins, minmay_stone_trees_medium,
          chequers_serial_rivers_large_a, nrook_pool_corridor
D:13:     layout_roguey, ximxim_vaults_locker_room, enter_bailey_2,
          yredelemnul_altar_generic, uniq_rupert, uniq_frances
Temple:   nicolae_temple_great_sept

Skill      XL: |  1  2  3  4  5  6  7  8  9 10 11 12 |
---------------+-------------------------------------+-----
Stealth        | 1 2 4 5 7 |  7.4
Fighting       | 4 5 |  5.7
Shields        | 4 5 8 9 |  9.0
Conjurations   | 2 6 9 11 | 11.7
Spellcasting   | 2 5 |  5.0
Hexes          | 2 5 9 11 | 11.7
Axes           | |  1.0
Maces & Flails | |  2.0
Armour         | |  1.5
Evocations     | |  1.0

Action                   |  1- 3 |  4- 6 |  7- 9 | 10-12 | 13-15 || total
-------------------------+-------+-------+-------+-------+-------++-------
Melee: Mace              |    71 |    39 |       |       |       ||   110
       Short sword       |       |    83 |   295 |   133 |       ||   511
       Hand axe          |       |       |       |    20 |    11 ||    31
       Constrict         |       |       |       |       |     1 ||     1
Throw: Boomerang         |       |     2 |   113 |     5 |       ||   120
 Cast: Fulminant Prism   |       |       |       |   264 |    15 ||   279
Invok: Call Merchant     |       |       |       |     1 |       ||     1
 Abil: Spit Poison       |     8 |    44 |    68 |    35 |     1 ||   156
Evoke: Wand              |       |       |     2 |    17 |     4 ||    23
  Use: Scroll            |       |     5 |     2 |    12 |       ||    19
       Potion            |       |     1 |     1 |       |     2 ||     4
 Stab: Sleeping          |     5 |    11 |     2 |     1 |       ||    19
       Paralysed         |       |       |     6 |     3 |       ||     9
       Distracted        |       |       |       |     1 |       ||     1
Armor: Ring mail         |     5 |       |       |       |       ||     5
       Skin              |     1 |     4 |       |       |       ||     5
       Robe              |       |    23 |     9 |       |       ||    32
       Leather armour    |       |       |    76 |   172 |    15 ||   263
Dodge: Dodged            |    33 |    44 |    99 |   119 |     3 ||   298
Block: Kite shield       |       |    36 |   205 |   244 |    12 ||   497
